 Dungeon Crawl Stone Soup version 0.17-a0-1230-g8afc29e (webtiles) character file.

30940 Chiseanne the Nimble (level 13, -1/141 HPs)
             Began as a Demonspawn Wanderer on June 5, 2015.
             Was a High Priest of Trog.
             Slain by an orc knight
             ... wielding a cursed -2 long sword
              (19 damage)
             ... on level 3 of the Orcish Mines.
             The game lasted 00:56:25 (16695 turns).

Chiseanne the Nimble (Demonspawn Wanderer)         Turns: 16695, Time: 00:56:25

Health: -1/141     AC: 20    Str: 25    XL:     13   Next: 23%
Magic:  0/13       EV: 18    Int: 13    God:    Trog [*****.]
Gold:   995        SH:  7    Dex: 17    Spells: 0 memorised, 12 levels left

rFire  + + .     SeeInvis .     a - +6 eveningstar "Voem" {god gift, crush, +Rage rF+ MR+++ Dex-5}
rCold  + . .     Clarity  .     z - +3 scale mail {rPois}
rNeg   . . .     SustAt   .     y - +1 buckler of Hedging {rPois rC+ Dex+4 Stlth+}
rPois  +         Gourm    .     (helmet restricted)
rElec  .         Spirit   +     (no cloak)
rCorr  .         Warding  .     (no gloves)
rMut   .         Stasis   .     i - +0 pair of boots
MR     +++++                    P - amulet of guardian spirit
Stlth  ..........               X - +4 ring of strength
                                N - +5 ring of dexterity

@: berserking (expiring), regenerating, very quick, almost entirely resistant to
hostile enchantments, extremely unstealthy
A: horns 2, rough black scales 2, fire resistance 1, frail 1, spiny 1
a: Burn Spellbooks, Berserk, Trog's Hand, Brothers in Arms, Renounce Religion,
Evoke Berserk Rage


You were on level 3 of the Orcish Mines.
You worshipped Trog.
Trog was extremely pleased with you.
You were hungry.

You visited 2 branches of the dungeon, and saw 16 of its levels.
You also visited: Sewer.

You collected 1751 gold pieces.
You spent 756 gold pieces at shops.

Inventory:

Hand weapons
 a - the +6 eveningstar "Voem" (weapon) {god gift, crush, +Rage rF+ MR+++ Dex-5}
   (Trog gifted it to you on level 12 of the Dungeon)

   It inflicts extra damage upon your enemies.
   It affects your dexterity (-5).
   It protects you from fire.
   It affects your resistance to hostile enchantments.
   It lets you go berserk.
 s - a +2 hand axe of venom
 E - a +2 hand axe of chopping
Missiles
 d - 4 steel tomahawks
 h - 91 poisoned needles
 k - 127 bolts
 w - 7 bolts of flame
 C - 62 sling bullets
 D - 10 javelins (quivered)
 J - 56 tomahawks
 S - 13 sling bullets of flame
Armour
 i - a +0 pair of boots (worn)
 y - the +1 buckler of Hedging (worn) {rPois rC+ Dex+4 Stlth+}
   (You found it on level 4 of the Dungeon)

   It affects your dexterity (+4).
   It protects you from cold.
   It protects you from poison.
   It makes you more stealthy.
 z - a +3 scale mail of poison resistance (worn)
 V - a troll hide
Jewellery
 j - an uncursed amulet of stasis
 n - an uncursed ring of flight
 B - an uncursed amulet of resist corrosion
 N - a +5 ring of dexterity (left hand)
 P - an amulet of guardian spirit (around neck)
 X - a +4 ring of strength (right hand)
Magical devices
 A - a wand of random effects (0)
 I - a wand of paralysis (7)
 T - a wand of heal wounds (6)
 W - a wand of digging (4)
Scrolls
 g - 4 scrolls of magic mapping
 l - 7 scrolls of teleportation
 m - a scroll of blinking
 o - 3 scrolls of fear
 L - 3 scrolls of immolation
 M - 6 scrolls of remove curse
 R - a scroll of recharging
Potions
 c - 2 potions of curing
 f - 2 potions of ambrosia
 p - 6 potions of flight
 q - a potion of invisibility
 r - a potion of lignification
 t - 2 potions of heal wounds
 x - 4 potions of mutation
 G - 2 potions of might {unknown}
 H - a potion of berserk rage {unknown}
 U - a potion of cancellation {unknown}
Books
 Q - a book of the Tempests

   Spells                             Type                      Level
   a - Static Discharge               Conjuration/Air              3
   b - Lightning Bolt                 Conjuration/Air              5
   c - Fireball                       Conjuration/Fire             5
   d - Tornado                        Air                          9
   e - Shatter                        Earth                        9
   Trog disapproves of the use of such an item.
Comestibles
 b - 9 slices of pizza
 e - 6 bread rations
 F - 6 beef jerkies
 O - 3 meat rations


   Skills:
 * Level 10.8 Fighting
 - Level 1.7(4.0) Axes
 * Level 5.6(5.7) Maces & Flails
 * Level 10.6 Armour
 * Level 11.7 Dodging
 - Level 1.7 Stealth
 * Level 8.3 Shields


You had 12 spell levels left.
You didn't know any spells.

Dungeon Overview and Level Annotations

Branches:
Dungeon (12/15)            Temple (0/1) D:4            Lair (0/8) D:8
    Orc (4/4) D:11            Elf (0/3) Orc:3

Altars:
Ashenzari
Cheibriados
Fedhas
Nemelex Xobeh
Okawaru
Qazlal
Sif Muna
Trog
Vehumet
Xom
Zin
Beogh

Shops:
D:4 [   D:7 %:   Orc:1 =   Orc:4 ([*=

Portals:
Trove: D:11 (give 13 scrolls of teleportation)


Innate Abilities, Weirdness & Mutations

You have a pair of horns on your head.
You are mostly covered in rough black scales (AC +7, Dex -2).
Your flesh is heat resistant.
You are partially covered in sharp spines.
You are frail (-10% HP).


Message History

You are feeling hungry.
The orc shouts!
The warg is struck by your spines. The warg misses you.
The orc warlord hits you with a war axe of venom!!
* * * LOW HITPOINT WARNING * * *
The orc knight hits you with a long sword.
* * * LOW HITPOINT WARNING * * *
You feel a strong urge to attack something.
The warg completely misses you.
The orc knight roars a battlecry!
The orc priest goes into a battle-frenzy!
The orc knight hits you with an enchanted long sword!
* * * LOW HITPOINT WARNING * * *
The orc warlord roars a battlecry!
The orcs go into a battle-frenzy!
The orc knight misses you.
You feel your anger subside.
You barely miss the orc knight.
The orc knight hits you with an enchanted long sword!!
You die...

### ##.## ### #...#
##.## ####.... ##...##
##..#....
#.....###.......#
##......###.....##
#######...##..##......#
##.##.##@h..#.........##
#......##o.#....#.#.###
###.......oo..#....####
##......#...>......##
#...................###
##.............oo..##.##
###...................#
#...#......##.#...#.##
##.#.......#...#.####


You could see an orc warlord, an orc knight (frenzied), a warg and 2 orcs.

Vanquished Creatures
  The ghost of SWAGNEMITE the Covert, a powerful NaEn of Cheibriados (Orc:2)
  The ghost of Chiseanne the Fighter, a powerful DsWn of Dithmenos (D:11)
  A catoblepas (D:12)
  Erolcha (D:9)
  An ogre mage (D:10)
  2 orc high priests
  Nergalle (Orc:3)
  2 hill giants
  Pikel (D:7)
  3 unseen horrors
  2 orc knights
  An ugly thing (D:12)
  A manticore (D:10)
  A cyclops (D:12)
  3 orc sorcerers
  A centaur zombie (D:12)
  A sixfirhy (D:12)
  Psyche (D:9)
  3 gargoyles
  2 kobold demonologists (D:12)
  3 komodo dragons (D:8)
  7 trolls
  A two-headed ogre (Orc:2)
  Grinder (D:6)
  6 slime creatures
  A deep elf mage (D:10)
  A wyvern (D:12)
  2 hippogriffs
  A hungry ghost (D:11)
  A steam dragon (D:12)
  Menkaure (D:5)
  A warg (Orc:1)
  A water moccasin (D:11)
  23 yaks
  A deep elf fighter (D:10)
  A mottled dragon (D:8)
  Duvessa (D:7)
  12 ogres
  22 orc warriors
  3 ice beasts
  3 phantoms
  A necrophage (D:12)
  A wasp (D:11)
  4 crocodiles
  5 centaurs
  An eye of draining (D:10)
  3 slaves (D:7)
  2 big kobolds
  A brain worm (D:12)
  A gnoll sergeant (D:10)
  Dowan (D:7)
  5 giant frogs
  2 scorpions
  5 wights (D:11)
  5 killer bees (D:10)
  2 giant frog zombies
  12 hounds
  4 crimson imps
  A centaur skeleton (D:5)
  4 giant frog skeletons
  17 orc priests
  An iron imp (D:12)
  3 jellies
  32 orc wizards
  5 iguanas
  Terence (D:2)
  A siren (Sewer)
  A merfolk avatar (Sewer)
  11 worker ants
  2 worker ant zombies
  12 gnolls
  A river rat (Sewer)
  14 adders
  4 shadow imps
  2 ufetubi (D:12)
  2 oozes
  An adder zombie (D:8)
  2 worms
  An adder skeleton (D:7)
  3 giant geckos
  163 orcs
  17 bats
  A bat skeleton (D:4)
  A bat zombie (D:6)
  22 goblins
  22 hobgoblins
  19 jackals
  18 kobolds
  4 quokkas
  5 ball pythons (Sewer)
  3 giant cockroaches
  A giant cockroach zombie (D:6)
  14 giant newts
  A jackal skeleton (D:4)
  A quokka skeleton (D:7)
  42 rats
  A fungus (Orc:4)
634 creatures vanquished.

Notes
Turn   | Place    | Note
--------------------------------------------------------------
     0 | D:1      | Chiseanne the Demonspawn Wanderer began the quest for the Orb.
     0 | D:1      | Chiseanne set off with: a +2 scale mail, a +0 mace, a potion of curing, a +0 dagger, a bread ration
     0 | D:1      | Reached XP level 1. HP: 16/16 MP: 1/1
    81 | D:1      | Gained mutation: You are partially covered in sharp spines. [demonic ancestry]
    81 | D:1      | Reached XP level 2. HP: 18/23 MP: 2/2
   420 | D:1      | Reached XP level 3. HP: 26/28 MP: 3/3
   615 | D:2      | Found a shattered altar of Ashenzari.
   659 | D:2      | Reached skill level 3 in Fighting
   660 | D:2      | Noticed Terence
   685 | D:2      | Killed Terence
   685 | D:2      | Reached skill level 1 in Dodging
   685 | D:2      | Gained mutation: You have a pair of small horns on your head. [demonic ancestry]
   685 | D:2      | Reached XP level 4. HP: 16/35 MP: 4/4
   902 | D:2      | Found a blossoming altar of Fedhas.
  1020 | D:2      | Found a bloodstained altar of Trog.
  1050 | D:2      | Became a worshipper of Trog the Wrathful
  1514 | D:3      | Acquired Trog's first power
  1611 | D:3      | Found a glowing drain.
  1618 | Sewer    | Entered a sewer
  1677 | Sewer    | Gained mutation: Your flesh is heat resistant. [demonic ancestry]
  1677 | Sewer    | Reached XP level 5. HP: 41/41 MP: 5/5
  1842 | Sewer    | Acquired Trog's second power
  1885 | Sewer    | Noticed a drowned soul
  1886 | Sewer    | Noticed a drowned soul
  1887 | Sewer    | Noticed a drowned soul
  1888 | Sewer    | Noticed a drowned soul
  2442 | D:3      | Reached skill level 4 in Fighting
  2725 | D:4      | Noticed a phantom
  2733 | D:4      | Noticed an ogre
  2747 | D:4      | Killed an ogre
  2747 | D:4      | Gained mutation: You have a pair of horns on your head. [demonic ancestry]
  2747 | D:4      | Reached XP level 6. HP: 21/48 MP: 6/6
  2759 | D:4      | Killed a phantom
  3144 | D:4      | Reached XP level 7. HP: 23/55 MP: 7/7
  3395 | D:4      | Found Uwamocur's Antique Armour Emporium.
  3414 | D:4      | Got a translucent buckler
  3430 | D:4      | Identified the +1 buckler of Hedging {rPois rC+ Dex+4 Stlth+} (You found it on level 4 of the Dungeon)
  3431 | D:4      | Bought a glowing scale mail for 124 gold pieces
  3471 | D:4      | Found a deep blue altar of Sif Muna.
  3542 | D:4      | Found a staircase to the Ecumenical Temple.
  3957 | D:5      | Entered Level 5 of the Dungeon
  4191 | D:5      | Found a snail-covered altar of Cheibriados.
  4191 | D:5      | Found a radiant altar of Vehumet.
  4191 | D:5      | Found a stormy altar of Qazlal.
  4295 | D:5      | Reached skill level 5 in Armour
  4341 | D:5      | Noticed Menkaure
  4346 | D:5      | Killed Menkaure
  4346 | D:5      | Acquired Trog's third power
  4346 | D:5      | Reached skill level 5 in Fighting
  4798 | D:6      | Reached skill level 1 in Shields
  4798 | D:6      | Gained mutation: You are partially covered in rough black scales (AC +4, Dex -1). [demonic ancestry]
  4798 | D:6      | Reached XP level 8. HP: 55/62 MP: 8/8
  4996 | D:6      | Noticed Grinder
  5006 | D:6      | Killed Grinder
  5006 | D:6      | Reached skill level 5 in Dodging
  5065 | D:6      | Found a sparkling altar of Nemelex Xobeh.
  5110 | D:6      | Reached skill level 6 in Armour
  5700 | D:7      | Noticed Pikel
  5820 | D:7      | Killed Pikel
  5820 | D:7      | Reached skill level 7 in Armour
  5820 | D:7      | Reached XP level 9. HP: 69/69 MP: 9/9
  5861 | D:7      | Found Kisiys's Food Shop.
  5864 | D:7      | Noticed Dowan
  5865 | D:7      | Noticed Duvessa
  5868 | D:7      | Found Gih Jusi's Book Shop.
  5875 | D:7      | Killed Duvessa
  5889 | D:7      | Killed Dowan
  6059 | D:7      | Found an iron altar of Okawaru.
  6218 | D:7      | Bought a beef jerky for 15 gold pieces
  6218 | D:7      | Bought a royal jelly for 20 gold pieces
  6218 | D:7      | Bought a beef jerky for 15 gold pieces
  6757 | D:8      | Noticed an angel
  6762 | D:8      | Found a shimmering altar of Xom.
  6762 | D:8      | Found a glowing silver altar of Zin.
  6855 | D:8      | Noticed a komodo dragon
  6856 | D:8      | Noticed a komodo dragon
  6874 | D:8      | Killed a komodo dragon
  6893 | D:8      | Killed a komodo dragon
  7159 | D:8      | Found a staircase to the Lair.
  7170 | D:8      | Noticed a komodo dragon
  7181 | D:8      | Killed a komodo dragon
  7181 | D:8      | Gained mutation: You are mostly covered in rough black scales (AC +7, Dex -2). [demonic ancestry]
  7181 | D:8      | Reached XP level 10. HP: 26/79 MP: 10/10
  7733 | D:8      | Reached skill level 8 in Armour
  8023 | D:9      | Noticed Erolcha
  8037 | D:9      | Killed Erolcha
  8854 | D:9      | Noticed Psyche
  8862 | D:9      | Killed Psyche
  9060 | D:10     | Entered Level 10 of the Dungeon
  9072 | D:10     | Noticed an ogre mage
  9074 | D:10     | Reached skill level 9 in Armour
  9093 | D:10     | Killed an ogre mage
  9243 | D:10     | Noticed a manticore
  9252 | D:10     | Killed a manticore
  9252 | D:10     | Reached skill level 5 in Shields
  9252 | D:10     | Reached XP level 11. HP: 64/86 MP: 9/11
  9710 | D:10     | Killed an unseen horror
 10186 | D:11     | Noticed Chiseanne's ghost (powerful DsWn)
 10274 | D:11     | Killed Chiseanne's ghost
 10475 | D:11     | Killed an unseen horror
 10610 | D:11     | Reached skill level 10 in Dodging
 10613 | D:11     | Found a portal to a secret trove of treasure.
 10684 | D:11     | Noticed a hill giant
 10692 | D:11     | Killed a hill giant
 11085 | D:11     | Found a staircase to the Orcish Mines.
 11406 | D:11     | Killed an unseen horror
 12044 | D:4      | Bought a heavy robe for 176 gold pieces
 12044 | D:4      | Bought a glowing shield for 139 gold pieces
 12056 | D:4      | Identified the +1 robe of Dicluev {Str+4 Int-4 Dex+2} (You bought it in a shop on level 4 of the Dungeon)
 12112 | D:4      | Bought a glowing leather armour for 62 gold pieces
 12328 | D:12     | Found a roughly hewn altar of Beogh.
 12330 | D:12     | Received a gift from Trog
 12544 | D:12     | Reached XP level 12. HP: 94/96 MP: 12/12
 12548 | D:12     | Reached skill level 10 in Armour
 12609 | D:12     | Got a slimy eveningstar {god gift}
 12728 | D:12     | Identified the +6 eveningstar "Voem" {god gift, crush, +Rage rF+ MR+++ Dex-5} (Trog gifted it to you on level 12 of the Dungeon)
 13154 | D:12     | Reached skill level 11 in Dodging
 13265 | D:12     | Reached skill level 10 in Fighting
 13454 | D:12     | Noticed a catoblepas
 13470 | D:12     | Killed a catoblepas
 13538 | D:12     | Received a gift from Trog
 13907 | Orc:1    | Entered Level 1 of the Orcish Mines
 13923 | Orc:1    | Found Fihaa's Jewellery Emporium.
 13932 | Orc:1    | Found a bloodstained altar of Trog.
 13934 | Orc:1    | Bought a cursed ring of loudness for 45 gold pieces
 14757 | Orc:2    | Noticed SWAGNEMITE's ghost (powerful NaEn)
 14779 | Orc:2    | Killed SWAGNEMITE's ghost
 14925 | Orc:3    | Found a roughly hewn altar of Beogh.
 15062 | Orc:3    | Found a staircase to the Elven Halls.
 15063 | Orc:3    | Noticed Nergalle
 15077 | Orc:3    | Killed Nergalle
 15077 | Orc:3    | Received a gift from Trog
 15348 | Orc:4    | Entered Level 4 of the Orcish Mines
 15348 | Orc:4    | Found Gaapsuuf's General Store.
 15350 | Orc:4    | Gained mutation: You are frail (-10% HP). [a neqoxec]
 15371 | Orc:3    | Reached skill level 5 in Maces & Flails
 15670 | Orc:3    | Reached XP level 13. HP: 93/93 MP: 9/13
 16205 | Orc:4    | Bought a scroll of teleportation for 48 gold pieces
 16205 | Orc:4    | Bought a scroll of immolation for 56 gold pieces
 16205 | Orc:4    | Bought a scroll of fear for 56 gold pieces
 16216 | Orc:4    | Found Limmir's Jewellery Shoppe.
 16596 | Orc:4    | Found Kuinaom's Antique Armour Shoppe.
 16678 | Orc:4    | Noticed an orc warlord
 16679 | Orc:4    | Found Tept's Antique Weapon Boutique.
 16695 | Orc:3    | Slain by an orc knight

Vault maps used:
D:1:      minmay_arrival_three_doors
D:2:      evilmike_ruin_ashenzari, old_standard_altar, lemuel_crystal_altar,
          uniq_terence
D:3:      lightli_sewer_entry_pipes, amalloy_card_club
D:4:      lemuel_blue_sif_altar, minmay_temple_entry_enclosed_plants,
          serial_bayou, serial_bayou_ford_a, serial_bayou_pond_b,
          serial_bayou_crossing, serial_bayou_pond_e, serial_bayou_pond_e,
          serial_bayou_lagoon_a, serial_shops, nicolae_shop_waterfront
D:5:      gammafunk_temple_overflow_claw, first_bread, minmay_item_behind_shaft,
          uniq_menkaure
D:6:      lemuel_coloured_pillars_altar, uniq_grinder
D:7:      okawaru_altar_gauntlet_db, serial_shops, shop,
          nicolae_shop_waterfront, uniq_duvessa, uniq_pikel
D:8:      grunt_temple_overflow_order_and_chaos_1, erik_lair_dragon
D:9:      uniq_erolcha, uniq_psyche
D:10:     minmay_diamond_stairs, grunt_pizzeria
D:11:     orc_0_dummy, enter_trove_1, st_stairs_9
Orc:1:    serial_shops, nicolae_shop_waterfront, basic_altar
Orc:3:    basic_altar, nicolae_orc_pool_cavern, uniq_nergalle
Orc:4:    grunt_orc_gardens, grunt_orc_garden, grunt_orc_garden,
          grunt_orc_garden, grunt_orc_garden
Sewer:    sewer_sea

Action                   |  1- 3 |  4- 6 |  7- 9 | 10-12 | 13-15 || total
-------------------------+-------+-------+-------+-------+-------++-------
Melee: Mace              |    66 |    37 |       |       |       ||   103
       Hand axe          |       |    84 |   227 |   521 |       ||   832
       Dagger            |       |       |       |    70 |       ||    70
       Eveningstar       |       |       |       |   266 |    66 ||   332
Throw: Tomahawk          |       |       |     3 |       |     5 ||     8
       Javelin           |       |       |       |    17 |    16 ||    33
Invok: Berserk           |       |     1 |       |     7 |     3 ||    11
       Trog's Hand       |       |       |     1 |    11 |     3 ||    15
       Burn Spellbooks   |       |       |     1 |       |       ||     1
Evoke: Wand              |       |       |       |    10 |       ||    10
  Use: Scroll            |     3 |    11 |     2 |     6 |       ||    22
       Potion            |       |       |       |     3 |       ||     3
 Stab: Sleeping          |       |       |     7 |     2 |       ||     9
  Eat: Chunk             |       |     8 |     9 |    20 |     3 ||    40
       Fruit             |       |       |     2 |    10 |       ||    12
       Bread ration      |       |       |     2 |       |       ||     2
       Royal jelly       |       |       |       |     3 |       ||     3
